Map: Simulacrum LE

Players

PepeWagon - Winner!

  • Race: Terran Terran
  • League: Master
  • Spawn Location: 11:00

MrNeural

  • Race: Zerg Zerg
  • League: Master
  • Spawn Location: 5:00

VOD

Have the link to the VOD?

Description

Time

  • Played on: Jan. 16, 2020, 2:06 a.m.
  • Length: 7:35
Show
View Real Time Build Order
Export as new Build Order

PepeWagon Terran - Winner!

Build Orders: Reaper Expand 

Get SALT Encoding   

  12  0:00  SCV  
  13  0:12  SCV  
  14  0:17  Supply Depot  
  14  0:25  SCV  
  15  0:38  SCV  
  15  0:40  Barracks  
  16  0:44  Refinery  
  16  0:50  SCV  
  17  1:03  SCV  
  18  1:15  SCV  
  19  1:27  Orbital Command, Reaper  
  20  1:43  Command Center  
  20  1:51  Supply Depot  
  20  1:54  SCV  
  20  1:59  Marine  
  22  2:06  SCV  
  23  2:10  Factory  
  23  2:15  Refinery  
  23  2:19  SCV  
  23  2:21  Barracks Reactor  
  24  2:31  SCV  
  25  2:43  SCV  
  26  2:54  Starport  
  26  2:55  SCV  
  26  2:57  Orbital Command  
  27  3:04  Barracks Tech Lab  
  27  3:06  Hellion x2  
  27  3:08  SCV  
  32  3:20  SCV  
  32  3:23  Stimpack  
  32  3:26  SCV  
  34  3:27  Hellion x2  
  34  3:32  SCV  
  34  3:34  Viking  
  41  3:39  SCV  
  41  3:40  Supply Depot  
  41  3:47  SCV  
  42  3:51  SCV  
  43  3:58  Barracks  
  43  3:59  SCV, Barracks  
  43  4:02  Factory Tech Lab  
  44  4:04  SCV, Supply Depot, Marine  
  44  4:06  Starport Reactor  
  46  4:14  SCV  
  46  4:16  SCV  
  46  4:17  Engineering Bay  
  48  4:22  Siege Tank  
  51  4:24  Refinery  
  51  4:28  Supply Depot  
  51  4:29  Marine  
  52  4:31  SCV  
  52  4:32  SCV  
  54  4:46  Terran Infantry Weapons Level 1, Marine  
  54  4:49  Supply Depot  
  54  4:50  Starport Reactor  
  54  4:51  SCV x2  
  57  4:53  Supply Depot  
  57  4:55  Marine x4  
  61  5:00  Siege Tank  
  61  5:04  SCV x2  
  61  5:05  Combat Shield  
  66  5:07  Marine  
  66  5:12  Supply Depot  
  67  5:15  Marine x3  
  67  5:16  Marine  
  67  5:21  SCV x2  
  73  5:25  Marine  
  74  5:29  Medivac  
  74  5:30  Medivac  
  74  5:34  Supply Depot  
  74  5:35  Marine x4  
  80  5:39  Supply Depot  
  83  5:42  SCV, Marine  
  83  5:43  SCV  
  83  5:47  Siege Tank  
  88  5:53  Marine x4  
  92  6:00  Marine  
  93  6:10  Marine  
  93  6:11  Supply Depot  
  94  6:12  Command Center  
  94  6:13  Marine x3  
  95  6:25  Marine  
  91  6:26  Siege Tank  
  91  6:28  Marine  
  95  6:34  Marine x3  
  94  6:43  Marine, Barracks x2  
  94  6:45  Medivac x2  
  94  6:46  Marine  
  99  6:50  Armory  
  99  6:52  Marine x2  
  97  7:00  Marine  
  97  7:01  Marine  
  98  7:09  Marine  
  98  7:10  Marine  
  98  7:14  Engineering Bay  
  98  7:15  Refinery  
  101  7:30  Barracks Reactor  
  101  7:31  Barracks Reactor  
Show
View Real Time Build Order
Export as new Build Order

MrNeural Zerg 

Build Orders: Hatch First 

Get SALT Encoding   

  12  0:01  Drone  
  13  0:13  Overlord  
  13  0:17  Drone  
  14  0:31  Drone x2  
  16  0:35  Drone  
  17  0:53  Hatchery  
  17  0:55  Drone  
  17  0:59  Drone  
  18  1:09  Extractor  
  17  1:14  Spawning Pool  
  17  1:15  Drone  
  17  1:18  Drone  
  18  1:28  Drone  
  19  1:40  Overlord  
  19  1:50  Drone  
  20  2:02  Queen  
  20  2:04  Zergling x2  
  20  2:05  Queen  
  20  2:06  Zergling x2  
  26  2:09  Metabolic Boost  
  26  2:13  Drone  
  27  2:17  Drone  
  28  2:23  Drone  
  28  2:28  Drone  
  29  2:37  Overlord  
  29  2:43  Queen  
  31  2:46  Drone x2, Queen  
  35  2:52  Overlord  
  35  3:09  Drone x3  
  35  3:11  Hatchery  
  37  3:14  Drone x2  
  37  3:16  Drone  
  40  3:24  Drone x4  
  44  3:27  Drone  
  45  3:35  Drone  
  46  3:46  Drone x2  
  48  3:50  Roach Warren  
  47  3:58  Overlord  
  47  4:00  Drone x4, Lair  
  51  4:03  Overlord  
  51  4:04  Overlord x2  
  51  4:11  Extractor  
  51  4:12  Extractor  
  49  4:25  Drone x8  
  49  4:29  Zergling x2  
  58  4:38  Evolution Chamber  
  57  4:39  Roach x4, Evolution Chamber  
  57  4:41  Spore Crawler  
  57  4:42  Zergling x2  
  64  4:49  Queen  
  66  4:54  Spore Crawler  
  66  4:57  Roach  
  66  4:58  Roach x2  
  66  4:59  Zergling x2  
  72  5:03  Spore Crawler  
  71  5:07  Drone x4  
  75  5:14  Zerg Ground Armor Level 1, Zerg Missile Weapons Level 1  
  75  5:19  Overseer  
  75  5:33  Glial Reconstitution  
  75  5:37  Drone x3  
  75  5:38  Drone x3  
  75  5:39  Baneling Nest  
  75  5:40  Hatchery  
  75  5:41  Drone x2  
  81  5:54  Overlord  
  81  5:55  Overlord x3  
  81  6:03  Overlord x3  
  80  6:14  Roach x5  
  80  6:15  Roach  
  91  6:18  Zergling x6  
  91  6:19  Zergling x2  
  91  6:25  Zergling x10  
  96  6:28  Ravager x2  
  96  6:32  Roach  
  81  6:40  Zergling x12  
  72  6:47  Roach  
  72  6:50  Roach x2  
  65  6:57  Roach, Queen  
  65  6:58  Queen  
  66  7:02  Roach  
  66  7:03  Zergling x2  
  66  7:04  Zergling x2  
  69  7:12  Roach x3  
  69  7:15  Ravager  
Tags
 
Add a new tag
Caveats
  • Supply blocks, unpowered buildings, or Contaminate may cause inaccurate times.
  • Supply counts are checked every 10 seconds.